 Dungeon Crawl Stone Soup version 0.18.1-8-gdd0e5ea (webtiles) character file.

33 Krapule the Vandal (level 3, -2/24 HPs)
             Began as a Halfling Hunter on May 30, 2016.
             Killed from afar by Natasha (10 damage)
             ... with a wand of flame
             ... on level 2 of the Dungeon.
             The game lasted 00:05:11 (1482 turns).

Krapule the Vandal (Halfling Hunter)                Turns: 1482, Time: 00:05:12

Health: -2/24      AC:  5    Str: 13    XL:     3   Next: 47%
Magic:  3/3        EV: 13    Int: 10    God:
Gold:   79         SH:  0    Dex: 14    Spells: 0 memorised, 2 levels left

rFire  . . .     SeeInvis .     a - +2 hunting sling
rCold  . . .     Gourm    .     m - +0 ring mail
rNeg   . . .     Faith    .     (shield restricted)
rPois  .         Spirit   .     (no helmet)
rElec  .         Dismiss  .     (no cloak)
rCorr  .         Reflect  .     (no gloves)
SustAt .         Harm     .     (no boots)
MR     .....                    (no amulet)
Stlth  +.........               (no ring)
                                (no ring)

@: not resistant to hostile enchantments, very unstealthy
A: mutation resistance 1
a: no special abilities


You were on level 2 of the Dungeon.
You were hungry.

You visited 1 branch of the dungeon, and saw 2 of its levels.

You collected 79 gold pieces.

Inventory:

Hand Weapons
 a - a +2 hunting sling (weapon)
 b - a +1 whip of electrocution
Missiles
 d - 20 sling bullets
 h - 82 stones (quivered)
Armour
 m - a +0 ring mail (worn)
Jewellery
 p - an uncursed ring of teleportation
Scrolls
 e - a scroll of teleportation {unknown}
 k - 2 scrolls of identify {unknown}
 n - a scroll of random uselessness {unknown}
Potions
 c - 2 potions of flight {unknown}
 i - 2 potions of might {unknown}
 j - a potion of heal wounds {unknown}
 l - a potion of agility {unknown}
 o - a potion of berserk rage {unknown}
Comestibles
 f - a bread ration
 g - a beef jerky


   Skills:
 + Level 1.9 Fighting
 + Level 6.2 Slings
 + Level 1.4 Armour
 + Level 2.7 Dodging
 + Level 1.5 Stealth


You had 2 spell levels left.
You didn't know any spells.

Dungeon Overview and Level Annotations

Branches:
Dungeon (2/15)

Altars:

Annotations:
D:2 Natasha


Innate Abilities, Weirdness & Mutations

You are small and have problems with some larger weapons.
You are somewhat resistant to further mutation.


Message History

You shoot a stone. The stone barely misses Natasha.
Natasha moves out of view.
A giant newt comes into view.
Natasha zaps a wand.
The puff of flame hits you!
* * * LOW HITPOINT WARNING * * *
You are too injured to fight recklessly!
Firing (i - inventory. (,) - cycle):
h - 85 stones (quivered)
Press: ? - help, Shift-Dir - straight line, f/p - Natasha
Aim: Natasha, carrying a wand of flame {zapped: 2} (moderately wounded)
You shoot a stone. The stone hits Natasha.
Natasha is severely wounded.
Firing (i - inventory. (,) - cycle):
h - 84 stones (quivered)
Press: ? - help, Shift-Dir - straight line, f/p - Natasha
Aim: Natasha, carrying a wand of flame {zapped: 2} (severely wounded)
You shoot a stone. The stone barely misses Natasha.
Firing (i - inventory. (,) - cycle):
h - 83 stones (quivered)
Press: ? - help, Shift-Dir - straight line, f/p - Natasha
Aim: Natasha, carrying a wand of flame {zapped: 2} (severely wounded)
You shoot a stone. The stone barely misses Natasha.
Natasha zaps a wand.
The puff of flame hits you!
You die...

#. ## #. ...# .. #.##
.## ##... ..#
#####.... #.#
#........
#.########.##..###
..####@#........##.##
#
...l......#########.#
# .....##h### ####.#
.... .... ##....# ##.
#.... ##..####### #
#..(.. ###..## #..
#.#####..##...## ##.#
..# #(.(...#### #..#
.. ####.#....###.##


You could see Natasha and a giant newt.

Vanquished Creatures
  2 worms (D:2)
  A dart slug (D:1)
  A giant gecko (D:1)
  A giant cockroach (D:2)
  A goblin (D:2)
  A hobgoblin (D:1)
  A quokka (D:2)
  A ball python (D:1)
  4 bats
  A giant newt (D:1)
  5 kobolds
  8 rats
27 creatures vanquished.

Notes
Turn   | Place    | Note
--------------------------------------------------------------
     0 | D:1      | Krapule the Halfling Hunter began the quest for the Orb.
     0 | D:1      | Reached XP level 1. HP: 14/14 MP: 1/1
   458 | D:1      | Reached XP level 2. HP: 12/19 MP: 2/2
   590 | D:1      | Reached skill level 1 in Armour
   777 | D:1      | Reached skill level 6 in Slings
  1157 | D:2      | Reached XP level 3. HP: 24/24 MP: 3/3
  1476 | D:2      | Noticed Natasha
  1482 | D:2      | Killed from afar by Natasha

Skill      XL: |  1  2 |
---------------+-------+-----
Armour         | 1 |  1.4
Slings         | 6 |  6.2
Fighting       | |  1.9
Dodging        | |  2.7
Stealth        | |  1.5

Action                   || total
-------------------------++-------
Melee: Mace              ||    37
       Short sword       ||     7
 Fire: Hunting sling     ||    57
  Use: Scroll            ||     3
 Stab: Sleeping          ||     1
  Eat: Chunk             ||     1
Armor: Leather armour    ||     4
       Ring mail         ||     2
Dodge: Dodged            ||    46
